 Dungeon Crawl Stone Soup version 0.27.1 (webtiles) character file.

Game seed: 13200345139018785014

16 fdafgdf the Twirler (level 2, 12/25 HPs)
             Began as a Minotaur Gladiator on Aug 30, 2021.
             Quit the game on level 1 of the Dungeon.
             The game lasted 00:06:59 (430 turns).

fdafgdf the Twirler (Minotaur Gladiator)             Turns: 430, Time: 00:06:59

Health: 12/25      AC:  3    Str: 18    XL:     2   Next: 41%
Magic:  1/1        EV: 12    Int:  5    God:
Gold:   14         SH:  0    Dex: 11    Spells: 1/1 levels left

rFire    . . .     SeeInvis .   a - +0 quarterstaff
rCold    . . .     Faith    .   (shield currently unavailable)
rNeg     . . .     Spirit   .   b - +0 leather armour
rPois    .         Reflect  .   c - +0 hat
rElec    .         Harm     .   (no cloak)
rCorr    .         Rampage  .   (no gloves)
Will     .....                  (no boots)
Stlth    +.........             (no amulet)
HPRegen  0.08/turn              (no ring)
MPRegen  0.07/turn              (no ring)

@: no status effects
A: horns 2, retaliatory headbutt
a: no special abilities


You were on level 1 of the Dungeon.
You visited 1 branch of the dungeon, and saw 2 of its levels.

You collected 14 gold pieces.

Inventory:

Hand Weapons
 a - a +0 quarterstaff (weapon)
 h - a +0 dagger
 k - a +0 whip
Missiles
 d - 3 throwing nets (quivered)
 g - 13 bolts
 i - 16 stones
Armour
 b - a +0 leather armour (worn)
 c - a +0 hat (worn)
 e - a +0 ring mail
 f - a +0 ring mail
 j - a +1 hat
Jewellery
 l - an amulet of reflection
 m - an amulet of magic regeneration


   Skills:
 + Level 2.5 Fighting
 + Level 4.0 Staves
 + Level 2.0 Throwing
 + Level 0.5 Armour
 + Level 3.7 Dodging


You had one spell level left.
You didn't know any spells.
Your spell library was empty.

Dungeon Overview and Level Annotations

Branches:
Dungeon (2/15)

Altars:

Annotations:
D:2 Sigmund


Innate Abilities, Weirdness & Mutations

You have a pair of horns on your head.
You reflexively headbutt those who attack you in melee.


Message History

There's something in the way.
You see here a +0 whip.
There's something in the way.
There's something in the way.
There's something in the way.
There's something in the way.
You see here a +0 whip.
k - a +0 whip
Found a twisted citrine amulet.
l - an amulet of reflection
There are no items here.
m - an amulet of magic regeneration
There are no items here.
A hobgoblin comes into view.
The hobgoblin shouts!
The hobgoblin hits you.
You swing at nothing.
The hobgoblin closely misses you.
You sock the hobgoblin!
You kill the hobgoblin!
You swing at nothing.
You swing at nothing.
There's something in the way.
There is a stone staircase leading down here.
There is a stone staircase leading down here.
You climb downwards.
Sigmund shouts!
There is a stone staircase leading up here.
Sigmund points at you and mumbles some strange words.
The magic dart hits you!
You climb upwards.
There is a stone staircase leading down here.
You can't go up here!
You can't go up here!
You can't go up here!
You can't go up here!
You can't go up here!
There is a stone staircase leading down here.
There is a stone staircase leading down here.
There is a stone staircase leading down here.
Are you sure you want to abandon this character and quit the game? (Confirm with "yes".)

# ##...#.# #.. #.#
##....# #.###.#
###.#######.....#
#...........#####
#...#######.#
#...# #.## #.).#
#..#######
#####...#
##........
........#
#@#######
#####...### #.#
#....>...######.#
...##............#
## #..#..######.#
#..#..# #.#
#####..#..# #.#
..........# #.#
##.###.##.# #.#


There were no monsters in sight!

Vanquished Creatures
  2 endoplasms (D:1)
  A giant cockroach (D:1)
  A hobgoblin (D:1)
  6 jackals (D:1)
  A kobold (D:1)
  A quokka (D:1)
12 creatures vanquished.

Notes
Turn   | Place    | Note
-------+----------+-------------------------------------------
     0 | D:1      | fdafgdf the Minotaur Gladiator began the quest for the Orb.
     0 | D:1      | Reached XP level 1. HP: 18/18 MP: 0/0
   175 | D:1      | Reached XP level 2. HP: 12/25 MP: 1/1
   224 | D:1      | Reached skill level 4 in Staves
   391 | D:2      | Noticed Sigmund
   430 | D:1      | Quit the game

Illustrated notes

Levels and vault maps discovered:
D:1:      lightli_arrival_noodles, layout_loops_ring,
          shapermc_ecumenical_altar_petra, serial_glass, glass_columns_a,
          glass_columns_a, minmay_strange_pillars, feat_on_display
D:2:      layout_basic, minmay_tiny_reverse_x, uniq_sigmund

Skill      XL: |  1  2 |
---------------+-------+-----
Staves         | 4 |  4.0
Fighting       | |  2.5
Throwing       | |  2.0
Armour         | |  0.5
Dodging        | |  3.7

Action                   || total
-------------------------++-------
Melee: Quarterstaff      ||    23
       Headbutt          ||     3
Armor: Leather armour    ||    12
Dodge: Dodged            ||    27
